Map: Reclamation LE

Players

flashandfoul

  • Race: Zerg Zerg
  • League: Master
  • Spawn Location: 12:00

A.I. 1 (Very Easy) - Winner!

  • Race: Terran Terran
  • Spawn Location: 6:00

VOD

Have the link to the VOD?

Description

Time

  • Played on: Feb. 8, 2026, 10:24 a.m.
  • Length: 4:01
Show
View Real Time Build Order
Export as new Build Order

flashandfoul Zerg 

Build Orders: Hatch First, Zergling Baneling 

Get SALT Encoding   

  6  0:00  Drone  
  13  0:12  Overlord  
  13  0:16  Drone  
  14  0:30  Drone x2  
  16  0:45  Hatchery  
  16  0:50  Drone  
  16  0:53  Drone  
  18  0:57  Drone  
  18  1:07  Extractor  
  17  1:12  Spawning Pool  
  17  1:15  Drone  
  17  1:19  Drone  
  18  1:27  Drone  
  18  1:32  Extractor  
  18  1:38  Drone  
  19  1:49  Drone  
  20  1:57  Overlord  
  20  1:59  Queen x2  
  24  2:02  Zergling x2  
  24  2:08  Drone  
  26  2:10  Drone  
  26  2:15  Metabolic Boost  
  27  2:19  Drone  
  27  2:22  Zergling x2  
  29  2:30  Zergling x2  
  29  2:32  Zergling x2  
  31  2:39  Baneling Nest  
  31  2:40  Zergling x2  
  31  2:44  Overlord  
  31  2:52  Zergling x2  
  31  2:55  Zergling x2  
  33  3:02  Zergling x2  
  35  3:05  Zergling x2  
  35  3:10  Zergling x8  
  39  3:16  Overlord  
  39  3:41  Baneling x14  
  39  3:43  Baneling x2  
Show
View Real Time Build Order
Export as new Build Order

A.I. 1 (Very Easy) Terran - Winner!

Build Orders:  

Get SALT Encoding   

  6  0:00  SCV  
  13  0:13  SCV  
  14  0:18  Supply Depot  
  14  0:36  Refinery  
  14  0:42  Barracks  
  14  1:05  Supply Depot  
  14  1:13  Refinery  
  14  1:28  Marine  
  14  1:31  SCV  
  16  1:43  SCV  
  17  1:55  SCV  
  17  2:00  Marine  
  19  2:07  SCV  
  20  2:19  SCV  
  21  2:31  SCV  
  21  2:33  Marine  
  23  2:44  Orbital Command  
Tags
 
League
Master
Matchup
TvZ
Spawn Locations
Cross Positions
Add a new tag
Caveats
  • Supply blocks, unpowered buildings, or Contaminate may cause inaccurate times.
  • Supply counts are checked every 10 seconds.